Cogmind - Beta 13 @@@ ROGUE MODE // 2024.04.28 @ 05:00:21 Player: A Moose Result: Destroyed by S-10 Pest with Light Assault Rifle Performance ------------- Evolutions (0) 0 Regions Visited (2) 400 Robots Destroyed (22) 110 Value Destroyed (454) 454 Prototype IDs (2) 40 Alien Tech Used (0) 0 Bonus (0) 0 TOTAL SCORE: 1004 Bonus ------- None Cogmind --------- Core Integrity 0/250 Matter 300/300 Energy 117/125 System Corruption 0% Temperature Cool (15) Movement Rolling (110) Ox2 Location -10/Mines Parts ------- > --- POWER (1) -------- Light Ion Engine > --- PROPULSION (2) --- Wheel Wheel > --- UTILITY (2) ------ High-capacity Storage Unit Weapon Shielding > --- WEAPON (2) ------- Small Laser Particle Gun > --- INVENTORY (20) --- Ion Engine Light Ion Engine Light Nuclear Core Wheel Wheel Compact Wheel Compact Wheel Heat Sink Improved Heat Sink Small Storage Unit Medium Matter Pod (100) Improved Terrain Scanner Small Laser Small Laser Small Laser Datajack Mining Laser Welding Torch Peak State ------------ > --- POWER ------------ Light Ion Engine > --- PROPULSION ------- Wheel Wheel > --- UTILITY ---------- High-capacity Storage Unit Weapon Shielding > --- WEAPON ----------- Small Laser Particle Gun > --- INVENTORY -------- Ion Engine Light Nuclear Core Compact Wheel Compact Wheel Heat Sink Improved Heat Sink Small Storage Unit Medium Matter Pod Improved Terrain Scanner Small Laser Small Laser Small Laser Datajack Mining Laser Welding Torch [Rating: 10] Favorites ----------- Power Ion Engine Engine Ion Engine Propulsion Wheel Wheel Wheel Utility Weapon Shielding Storage High-capacity Storage Unit Protection Weapon Shielding Weapon Small Laser Energy Gun Small Laser Build | -11 -10 -10 ------- Run | Yrd Mat Min Slots Evolved . | . . . Power . | . . . Propulsion . | . . . Utility . | . . . Weapon . | . . . Parts Attached 25 | 6 14 5 Power 4 | 1 2 1 Engine 4 | 1 2 1 Core . | . . . Reactor . | . . . Propulsion 9 | 2 5 2 Treads . | . . . Leg . | . . . Wheel 9 | 2 5 2 Hover . | . . . Flight . | . . . Utility 3 | 1 2 . Device . | . . . Storage 2 | 1 1 . Processor . | . . . Hackware . | . . . Protection 1 | . 1 . Artifact . | . . . Weapon 9 | 2 5 2 Energy Gun 9 | 2 5 2 Energy Cannon . | . . . Ballistic Gun . | . . . Ballistic Cannon . | . . . Launcher . | . . . Special Weapon . | . . . Impact Weapon . | . . . Slashing Weapon . | . . . Piercing Weapon . | . . . Special Melee Weapon . | . . . Unidentified Prototypes . | . . . Parts Lost 6 | . 2 4 Power 1 | . . 1 Propulsion 4 | . 2 2 Utility . | . . . Weapon 1 | . . 1 Highest Loss Streak 4 | . 2 4 To Critical Strikes . | . . . Average Slot Usage (%) 80 | . 77 82 Engine 8 | . 6 10 Wheel 17 | . 19 14 Storage 14 | . 14 14 Protection 12 | . 11 14 Energy Gun 26 | . 25 28 Naked Turns . | . . . Heaviest Build 48 | 13 48 48 Greatest Support 26 | 26 26 20 Greatest Overweight (x) 15 | 1 15 14 Average Overweight (x) 1 | . . 3 Largest Inventory Capacity 20 | 8 20 20 Average Capacity 17 | 7 16 20 Most Carried 18 | 4 12 18 Average Carried 10 | 1 8 12 Final Capacity 20 | 8 20 20 Final Carried 18 | 2 12 18 Class Distribution -------------------- 89% | Mutant 10% | Scavenger-Mutant Dominant Class ---------------- Mutant | -10/Materials Mutant | -10/Mines Resources | -11 -10 -10 ----------- Run | Yrd Mat Min Matter Collected 550 | 203 297 50 Remotely . | . . . Salvage Created 753 | . 485 268 Parts 51 | . 31 20 Haulers Intercepted 1 | . 1 . Recyclers Shooed 2 | . 1 1 Parts Field Recycled . | . . . Retrieved Matter . | . . . Parts Self-Destructed . | . . . Prevented . | . . . Kills | -11 -10 -10 ------- Run | Yrd Mat Min Combat Hostiles Destroyed 11 | . 9 2 Guns 11 | . 9 2 Classes Destroyed 6 | . 4 2 Worker 4 | . 2 2 Builder 3 | . 1 2 Tunneler 2 | . . 2 Hauler 1 | . 1 . Recycler 1 | . . 1 Grunt 11 | . 9 2 Best Kill Streak 7 | . 7 3 Combat Bots Only 5 | . 5 2 Max Kills in Single Turn 1 | . 1 1 Gunslinging . | . . . Exploded . | . . . Melee . | . . . Uniques/NPCs Destroyed . | . . . Combat | -11 -10 -10 -------- Run | Yrd Mat Min Hostile Shots Fired 76 | . 51 25 Missed 22 | . 17 5 Damage Taken 661 | . 380 281 Core 253 | . 151 102 Absorbed by Shields . | . . . Redirected to Shielding 47 | . 31 16 Core Remaining (%) 100 | 100 . . Volleys Fired 64 | . 34 30 Largest 2 | . 2 2 Hottest 105 | . 80 105 Shots Fired 122 | . 68 54 Gun 122 | . 68 54 Cannon . | . . . Launcher . | . . . Special . | . . . Kinetic . | . . . Thermal 122 | . 68 54 Explosive . | . . . Electromagnetic . | . . . Robot Hit Streak 13 | . 13 9 Robot Miss Streak 5 | . 5 4 Penetration Max . | . . . Secondary Targets 5 | . 4 1 Max Gunslinging Chain 1 | . 1 1 Shots Hit Robots 77 | . 46 31 Core Hits 41 | . 28 13 Critical Kills . | . . . Critical Parts Destroyed . | . . . Critical Strikes . | . . . Melee Attacks . | . . . Impact . | . . . Slashing . | . . . Piercing . | . . . Sneak Attacks . | . . . Combat Hostiles . | . . . Follow-up Attacks . | . . . Damage Inflicted 972 | . 571 401 Guns 972 | . 571 401 Cannons . | . . . Explosions . | . . . Melee . | . . . Ramming . | . . . Kinetic . | . . . Thermal 972 | . 571 401 Explosive . | . . . Electromagnetic . | . . . Impact . | . . . Slashing . | . . . Piercing . | . . . Highest Corruption . | . . . Average Corruption . | . . . Corruption Purged . | . . . Corruption Blocked . | . . . Overload Shots . | . . . Overflow Damage . | . . . Projectiles . | . . . Explosions . | . . . Melee . | . . . Knockbacks . | . . . Impact . | . . . Kinetic . | . . . Secondary . | . . . Self-Inflicted Damage . | . . . Shots . | . . . Rammed . | . . . Targets Rammed . | . . . Kicked . | . . . Crushed . | . . . Highest Temperature 301 | . 208 301 Average Temperature 88 | . 66 114 Received Heat Transfer 348 | . 189 159 Effects 2 | . . 2 Energy Bleed 1 | . . 1 Interference 1 | . . 1 Siege Activations . | . . . Robots Corrupted . | . . . Combat Hostiles . | . . . Parts Fried . | . . . Impact Corruptions . | . . . Robots Melted . | . . . Combat Hostiles . | . . . Parts Melted 2 | . 1 1 Heat Transferred 2234 | . 1300 934 Parts Sabotaged . | . . . Parts Stolen . | . . . Parts Stripped . | . . . Power Chain Reactions . | . . . Alert | -11 -10 -10 ------- Run | Yrd Mat Min Peak Influence 222 | . 222 131 Initial 86 | . . 86 Average 82 | . 70 106 Maximum Alert Level 1 | . 1 . Low Security (%) 96 | 100 92 100 Level 1 3 | . 7 . Level 2 . | . . . Level 3 . | . . . Level 4 . | . . . Level 5 . | . . . High Security . | . . . Max Security . | . . . Squads Dispatched 2 | . 2 . Investigation . | . . . Extermination . | . . . Reinforcement 2 | . 2 . Assault . | . . . Garrison . | . . . Intercept . | . . . Searches Triggered . | . . . Construction Impeded . | . . . Haulers Reinforced . | . . . Active Scanning Responses . | . . . Cargo Convoy Interrupts . | . . . Stealth | -11 -10 -10 --------- Run | Yrd Mat Min Distress Signals 2 | . 2 . Communications Jammed . | . . . Distress Signals . | . . . Times Spotted 29 | . 24 5 Peak Tracking Total 6 | . 6 3 Tactical Retreats . | . . . Traps | -11 -10 -10 ------- Run | Yrd Mat Min Traps Triggered 4 | . 4 . Indirectly . | . . . Trap Hack Attempts . | . . . Triggered . | . . . Disarmed . | . . . Reprogrammed . | . . . Reused . | . . . Traps Extracted . | . . . Installed . | . . . Triggered . | . . . Machines | -11 -10 -10 ---------- Run | Yrd Mat Min Machines Disabled . | . . . Max in Single Turn . | . . . Machines Repaired . | . . . Machines Dismantled . | . . . Machines Sabotaged . | . . . Overloaded Fab Kills . | . . . Hacking | -11 -10 -10 --------- Run | Yrd Mat Min Machines Accessed 2 | . 2 . Terminals 2 | . 2 . Fabricators . | . . . Repair Stations . | . . . Recycling Units . | . . . Scanalyzers . | . . . Garrison Access . | . . . Total Hacks 7 | . 7 . Successful 2 | . 2 . Failed 5 | . 5 . Catastrophic . | . . . Database Lockouts . | . . . Manual . | . . . Terminals 7 | . 7 . Fabricators . | . . . Repair Stations . | . . . Recycling Units . | . . . Scanalyzers . | . . . Garrison Access . | . . . Terminal Hacks 2 | . 2 . Prototype ID Bank 1 | . 1 . Zone Layout 1 | . 1 . Fabricator Hacks . | . . . Repair Station Hacks . | . . . Recycling Unit Hacks . | . . . Scanalyzer . | . . . Garrison Access Hacks . | . . . Unauthorized Hacks . | . . . Terminals . | . . . Fabricators . | . . . Repair Stations . | . . . Recycling Units . | . . . Scanalyzers . | . . . Garrison Access . | . . . Data Cores Recovered . | . . . Used . | . . . Hacking Detections 2 | . 2 . Full Trace Events . | . . . Feedback Events . | . . . Feedback Blocked . | . . . Robot Schematics Acquired . | . . . Robots Built . | . . . Authchips . | . . . Time . | . . . Total Robot Build Rating . | . . . Part Schematics Acquired . | . . . Parts Built . | . . . Authchips . | . . . Time . | . . . Total Part Build Rating . | . . . Parts Repaired . | . . . Time . | . . . Parts Recycled . | . . . Recycled Matter . | . . . Retrieved Matter . | . . . Retrieved Components . | . . . Parts Scanalyzed . | . . . Part Schematics Acquired . | . . . Parts Damaged . | . . . Bothacking | -11 -10 -10 ------------ Run | Yrd Mat Min Used RIF Installer . | . . . Robots Hacked . | . . . Non-combat . | . . . Combat . | . . . Robot Hacks Applied . | . . . Relay Couplers Released . | . . . Fabnet Peak Effective % . | . . . Robots Rewired . | . . . Allies Hacked . | . . . Hacks Repelled . | . . . Allies | -11 -10 -10 -------- Run | Yrd Mat Min Total Allies . | . . . Largest Group . | . . . Highest-Rated Group . | . . . Highest-Rated Ally . | . . . Total Orders . | . . . Ally Attacks . | . . . Total Damage . | . . . Kills . | . . . Allies Corrupted . | . . . Allies Melted . | . . . Intel | -11 -10 -10 ------- Run | Yrd Mat Min Robot Analysis Total . | . . . Derelict Logs Recovered 2 | . . 2 Drone Launches . | . . . Drone Recoveries . | . . . Exploration | -11 -10 -10 ------------- Run | Yrd Mat Min Turns Passed 731 | 48 338 345 Spaces Moved 359 | 41 172 146 Core 25 | 8 6 11 Treads . | . . . Legs . | . . . Wheels 334 | 33 166 135 Hover . | . . . Flight . | . . . Fastest Speed 50 | 50 80 110 Average Speed 132 | 82 114 168 Slowest Speed 800 | 95 800 750 Overloaded Moves . | . . . Propulsion Burnouts . | . . . Robots Hopped . | . . . Cave-ins Triggered . | . . . Exploration Rate (%) 26 | 4 34 40 Regions Visited 2 Branch Regions 1 Pre-discovered Areas 1 | . . 1 Known Exits Taken . | . . . Unknown Exits Taken 2 | 1 1 . Scrap Searched 1 | . . 1 Spaces Dug . | . . . Terrain Destroyed . | . . . Melee . | . . . Projectile . | . . . AOE . | . . . Terrain Rammed . | . . . Walls Destroyed . | . . . Machines Disabled . | . . . Actions | -11 -10 -10 --------- Run | Yrd Mat Min Total 490 | 54 243 193 Wait 1 | . 1 . Move 357 | 40 171 146 Hop . | . . . Pick Up 42 | 8 23 11 Fast Attach . | . . . Attach 23 | 6 13 4 Detach . | . . . Swap 2 | . 1 1 Drop 1 | . . 1 Fire 64 | . 34 30 Melee . | . . . Ram . | . . . Kick . | . . . Crush . | . . . Escape Stasis . | . . . Rewire . | . . . Trap . | . . . Miscellaneous . | . . . Route ------- -11/Scrapyard -10/Materials -10/Mines History --------- Turn | Location | Event 18 | -11/Scrapyard | Discovered new exit (range 16) 49 | -11/Scrapyard | Entered Materials 218 | -10/Materials | Discovered new exit (range 8) 313 | -10/Materials | Build established: Mutant 351 | -10/Materials | Core integrity fell below 50% 387 | -10/Materials | Entered Mines 405 | -10/Mines | Learned Materials stockpile data 433 | -10/Mines | Core integrity fell below 20% 477 | -10/Mines | Lost 4 parts (1p2n1w) 721 | -10/Mines | Learned location of Zion (-6) 732 | -10/Mines | Destroyed by S-10 Pest with Light Assault Rifle Last Messages --------------- R-06 Scavenger destroyed. Acquired Com. Wheel. R-06 Scavenger collects Mining Laser. Acquired Imp. Heat Sink. Wheel melted. U-05 Engineer destroyed. Acquired Wheel. U-05 Engineer destroyed. K-01 Serf collects debris. Acquired 10 matter. K-01 Serf collects debris. Acquired Lgt. Ion Engine. K-01 Serf collects debris. K-01 Serf destroyed. Acquired Wheel. K-01 Serf collects debris. K-01 Serf destroyed. Acquired Wheel. Acquired derelict log, extracted data. World map updated: -6/Zion. Map ----- +----------------------------------------------------+ | ??????????????###??## ## #???? | | ????????????????????## ##??????? | | ?????????????????????#### ### #???? | | ????????????????????????# #???? | | ????????????????????????# #####???? | | ??????????????????####??# #???????? | | ?????????????????## #### #???????? | | ????????????????## !% #???????? | | ???????????????## ### #???????? | | ???????????????# #?# #???????? | | ??????????????## #?# #???????? | | ??????????????# """ #?# #???????? | | ??????????????# """ ### #???????? | | ??????????????# """ ## ???????? | | ??????????????## #####???????? | | ???????????????### % ##?????????? | | ?????????????????## #?????????? | | ??????????????????# #?????????? | | ?????????????????## #?????????? | | ????????????????## #?????????? | | ????????????????# ##????????? | | ????????????????# ##???????? | | ????????????????## #???????? | | ?????????????????## #???????? | | ???##########?????# # #???????? | | ??# ss @####### ## #???????? | | ??# """ """ #?# ##???????? | | ????""" """ #??###????????? | | ?????"" """ ##########?????????????? | | ????? """s#??????????????????????? | | ????? #??????????????????????? | | ??????#######??????????????????????? | | ???????????????????????????????????? | | ???????????????????????????????????? | | ???????????????????????????????????? | | ???????????????????????????????????? | | ???????????????????????????????????? | | ???????????????????????????????????? | | ???????????????????????????????????? | | ???????????????????????????????????? | | ???????????????????????????????????? | | ???????????????????????????????????? | | ???????????????????????????????????? | | ???????????????????????????????????? | | ???????????????????????????????????? | | ???????????????????????????????????? | | | | | | | | | +----------------------------------------------------+ Best States ------------- Heat Dissipation 25 Energy Generation 10 Energy Capacity 250 Matter Stores 300 Matter Capacity 300 Sight Range 16 Terrain Scan Density 10 Weapon Shielding 33 Evasion (%) 42 Item Schematics ----------------- None Robot Schematics ------------------ None Fabricated ------------ Nothing Alien Tech Used ----------------- None Achievements -------------- None Challenges ------------ None Game ------ Seed GlidesysSpreadSaw Manual? 0 Play Time 00:08:28 Cumulative 64.9 hours Start 2024.04.28 @ 04:54:01 End 2024.04.28 @ 05:00:21 Sessions 1 Manual Loads 0 Difficulty Rogue Special Mode None Game No. 73 Rogue 64 Adventurer 9 Explorer 0 Win Type - Total 0 Types 0/0/0/0/0/0/0/0/0 Lore% 38 Gallery% 53 Achievement% 41 Wizard Run 0 Options --------- Layout 1 ASCII 0 Keyboard 0 Movement Mouse Keybinds 0 Fullscreen 1 Font 24/Smallcaps Map View 50x35 Zoom Use 0% Tactical HUD 0 Map Filters NONE Filters NONE Steam 1 RUN: cf65c74d-adb9-475b-9b2a-2fd4be72aaa6